 Dungeon Sprint DCSS version 0.31-a0-271-gb88eb75e06 (webtiles) character file.

Game seed: 8972651977615995345

167 dialectric the Trooper (level 5, 0/46 HPs)
             Began as a Demonspawn Fighter on July 14, 2023.
             Succumbed to a scorpion's poison
             ... in the Dungeon (Sprint II: "The Violet Keep of Menkaure").
             The game lasted 00:00:39 (47 turns).

dialectric the Trooper (Demonspawn Fighter)           Turns: 47, Time: 00:00:40

Health: 0/46       AC: 10    Str: 18    XL:     5   Next: 23%
Magic:  5/5        EV:  9    Int: 10    God:
Gold:   243        SH:  9    Dex: 12    Spells: 4/4 levels left

rFire   . . .        a - +0 long sword
rCold   . . .        c - +0 buckler
rNeg    . . .        b - +0 scale mail
rPois   .            (no helmet)
rElec   .            (no cloak)
rCorr   .            (no gloves)
SInv    .            (no boots)
Will    .....        (no amulet) Stlth
                     (no ring)
HPRegen 0.27/turn    (no ring)
MPRegen 0.09/turn

%: no teleportation
@: mighty, lethally poisoned (0 -> -2)
A: thin metallic scales 2, powered by pain 1, condensation shield
a: no special abilities


You were in the Dungeon.
You visited 1 branch You collected 243 gold pieces.

Inventory:

Hand Weapons
 a - a +0 long sword (weapon)
Armour
 b - a +0 scale mail (worn)
 c - a +0 buckler (worn)
Scrolls
 j - a scroll of blinking
Potions
 g - a potion of haste
 h - 2 potions of magic
 i - a potion of berserk rage


   Skills:
 + Level 5.9 Fighting
 * Level 5.8 Long Blades
 + Level 5.2 Armour
 - Level 1.2 Dodging
 + Level 5.1 Shields


You had 4 spell levels left.
You didn't know any spells.
Your spell library was empty.

Dungeon Overview and Level Annotations

Branches:
Dungeon (1/1)

Altars:

Annotations:
D exclusion: orange crystal statue


Innate Abilities, Weirdness & Mutations

You are mostly covered in thin metallic scales. (AC +3)
You sometimes gain a little power by taking damage.
A meltable shield of frost defends you. (SH +4)


Message History

The scorpion is severely wounded.
The scorpion stings you but does no damage.
You hit the scorpion but do no damage.
The scorpion is severely wounded.
The scorpion stings you.
You are poisoned.
The scorpion poisons you!
You barely miss the scorpion.
The scorpion is severely wounded.
You feel very sick.
The scorpion stings you but does no damage.
The scorpion stings you.
* * * LOW HITPOINT WARNING * * *
You barely miss the scorpion.
The scorpion is severely wounded.
* * * LOW HITPOINT WARNING * * *
You feel sick. The scorpion completely misses you.
You block the scorpion's attack.
You slash the scorpion!
You kill the scorpion!
* * * LOW HITPOINT WARNING * * *
You feel sick.
Your Armour skill increases to level 5!
Your Shields skill increases to level 5!
You have reached level 5!
Your demonic ancestry asserts itself...
Thin metallic scales spread over more of your body.
You slash the scorpion!
The scorpion is severely wounded.
* * * LOW HITPOINT WARNING * * *
You feel sick.
The scorpion stings you but does no damage.
You closely miss the scorpion.
The scorpion is severely wounded.
* * * LOW HITPOINT WARNING * * *
You feel sick. You block the scorpion's attack.
The scorpion stings you but does no damage.
You slash the scorpion!
You kill the scorpion!
You die...

##~~#+++#+++##
#~~~..†......#
#~~~~.##'##..#
#~~~~##..###
#~~~ #..##.#
#~~ ##.#.# #~#
##†# #
#..###.##
#$†@<.+
#..###.## #
#+#


There were no monsters in sight!

Vanquished Creatures
  A water moccasin (D)
  2 scorpions (D)
  3 worms (D)
6 creatures vanquished.

Notes
Turn   | Place    | Note
-------+----------+-------------------------------------------
     0 | D        | dialectric the Demonspawn Fighter began the quest for the
                  | Orb.
     0 | D        | Reached XP level 1. HP: 18/18 MP: 1/1
    12 | D        | Reached skill level 1 in Dodging
    15 | D        | Gained mutation: You are partially covered in thin metallic
                  | scales. (AC +2) [demonic ancestry]
    15 | D        | Reached XP level 2. HP: 10/24 MP: 2/2
    20 | D        | Noticed an orange crystal statue
    22 | D        | Noticed a water moccasin
    29 | D        | Killed a water moccasin
    30 | D        | Reached skill level 5 in Fighting
    30 | D        | Reached skill level 5 in Long Blades
    30 | D        | Gained mutation: A meltable shield of frost defends you.
                  | (SH +4) [demonic ancestry]
    30 | D        | Reached XP level 3. HP: 4/33 MP: 3/3
    30 | D        | Gained mutation: You sometimes gain a little power by
                  | taking damage. [demonic ancestry]
    30 | D        | Reached XP level 4. HP: 4/39 MP: 4/4
    39 | D        | Noticed a scorpion
    39 | D        | Noticed a scorpion
    44 | D        | Killed a scorpion
    45 | D        | Reached skill level 5 in Armour
    45 | D        | Reached skill level 5 in Shields
    45 | D        | Gained mutation: You are mostly covered in thin metallic
                  | scales. (AC +3) [demonic ancestry]
    45 | D        | Reached XP level 5. HP: 2/46 MP: 5/5
    45 | D        | HP: 1/46 [poisoned by a scorpion]
    47 | D        | Succumbed to a scorpion's poison

Illustrated notes

Levels and vault maps discovered:
D:        the_violet_keep_of_menkaure [sprint2_stairs_cluster_1,
          sprint2_shoproom, sprint2_temple, sprint2_basic_supplies,
          sprint2_obstacle_5, sprint2_obstacle_3, sprint2_obstacle_4,
          sprint2_obstacle_2, sprint2_obstacle_7, sprint2_timed_cluster_1,
          sprint2_smallroom_cluster_1, sprint2_smallroom_final_cluster_1,
          sprint2_transparent_cluster_1, sprint2_second_timed_cluster_1,
          sprint2_sniper_area_1, sprint2_heavy_combat_area_1,
          sprint2_mutation_trap_area_1, sprint2_forest_area_1,
          sprint2_light_combat_area_1, sprint2_behind_water_1,
          sprint2_near_end_vault_1]

Skill      XL: |  1  2  3  4 |
---------------+-------------+-----
Armour         | 3 4 5 |  5.2
Shields        | 3 4 5 |  5.1
Long Blades    | 2 5 |  5.8
Dodging        | 1 |  1.2
Fighting       | 5 |  5.9

Action                     |  1- 3 |  4- 6 || total
---------------------------+-------+-------++-------
  Melee: Long sword        |    16 |     8 ||    24
    Use: Potion            |     2 |     1 ||     3
 Armour: Scale mail        |     5 |     4 ||     9
  Dodge: Dodged            |       |     1 ||     1
  Block: Buckler           |     2 |     2 ||     4

Table legend: (Time is in decaauts)
 A = Elapsed time spent in this place.
 B = Non-inter-level travel time spent in this place.
 C = Inter-level travel time spent in this place.
 D = Time resting spent in this place.
 E = Time spent auto-exploring this place.
 F = Levels seen in this place.
 G = Mean time per level.
                   A        B        C        D        E       F      G
               +--------+--------+--------+--------+--------+-----+--------+
         Total |     53 |     53 |      0 |      0 |      0 |   1 |   53.0 |
       Dungeon |     53 |     53 |      0 |      0 |      0 |   1 |   53.0 |
               +--------+--------+--------+--------+--------+-----+--------+

Top non-repeatable levels by time:
       D: 53 daAuts
